 Dungeon Crawl Stone Soup version 0.19-a0-3-g95c6029 (webtiles) character file.

196508 Minkie the Unseen (level 17, -4/113 HPs)
             Began as a Vampire Enchanter on Apr 27, 2016.
             Was the Champion of Sif Muna.
             Killed by nerve-wracking pain
             ... invoked by an Executioner
             ... created by a Zot trap
              (9 damage)
             ... on level 4 of the Swamp.
             The game lasted 05:08:36 (41157 turns).

Minkie the Unseen (Vampire Enchanter)              Turns: 41157, Time: 05:08:37

Health: -4/113     AC:  0    Str:  5    XL:     17   Next: 74%
Magic:  24/34      EV: 34    Int: 21    God:    Sif Muna [******]
Gold:   2052       SH:  3    Dex: 22    Spells: 8 memorised, 13 levels left

rFire  . . .     SeeInvis +     (weapon currently unavailable)
rCold  + . .     Gourm    .     (armour currently unavailable)
rNeg   + + .     Faith    .     (shield currently unavailable)
rPois  +         Spirit   .     (helmet currently unavailable)
rElec  .         Dismiss  .     (cloak currently unavailable)
rCorr  .         Reflect  +     (gloves currently unavailable)
SustAt .         Harm     .     (boots currently unavailable)
MR     +....                    h - +3 amulet of reflection
Stlth  +++++++++.               (ring currently unavailable)
                                (ring currently unavailable)

@: bat-form, flying, very slightly contaminated, regenerating slowly, invisible,
very quick, somewhat resistant to hostile enchantments, incredibly stealthy
A: fangs 3, rough black scales 1, see invisible, (cold resistance 0), weak 1,
(unbreathing)
a: End Transformation, Channel Energy, Forget Spell, Renounce Religion
}: 1/15 runes: decaying


You were on level 4 of the Swamp.
You worshipped Sif Muna.
Sif Muna was exalted by your worship.
You were thirsty.
You were in vampire-bat-form.
You visited 7 branches of the dungeon, and saw 35 of its levels.
You also visited: Ossuary, Bailey and Ice Cave.

You collected 3258 gold pieces.
You spent 1206 gold pieces at shops.

Inventory:

Hand Weapons
 e - a +6 eveningstar of crushing
 w - a +3 dagger of electrocution (melded)
 G - a +2 executioner's axe of freezing
Missiles
 j - 34 tomahawks of returning (quivered)
Armour
 b - the +4 pair of boots of the Moneychanger (melded) {Str+4 Int+4}
   (You found it on level 1 of the Lair of Beasts)

   It affects your strength (+4).
   It affects your intelligence (+4).
 q - a +1 helmet (melded)
 v - a +2 robe of magic resistance (melded)
 A - a +0 cloak (melded)
 D - a +2 buckler of protection (melded)
Jewellery
 h - a +3 amulet of reflection (around neck)
 r - a +3 ring of evasion (melded)
 u - an uncursed ring of protection from magic
 H - a ring of stealth (melded)
 I - an uncursed amulet of dismissal
 O - an uncursed ring of protection from fire
 U - an uncursed ring of protection from cold
Wands
 l - a wand of digging (13/24)
 p - a wand of heal wounds (3/9)
 B - a wand of digging (10/24)
Scrolls
 f - 15 scrolls of remove curse
 i - 2 scrolls of amnesia
 n - a scroll of silence
 o - 2 scrolls of enchant weapon
 s - 5 scrolls of magic mapping
 x - 8 scrolls of teleportation
 y - 5 scrolls of blinking
 E - a scroll of recharging
 F - 2 scrolls of fog
 K - 9 scrolls of identify
Potions
 a - 3 potions of cure mutation
 d - a potion of flight
 g - 15 potions of curing
 k - 6 potions of brilliance
 m - 7 potions of heal wounds
 t - 3 potions of agility
 z - 21 potions of blood
 C - 7 potions of resistance
 J - 5 potions of haste
 M - a potion of might
 Q - a potion of cancellation
Books
 c - Sif Muna's Tome of Cold and Darkness
   (Sif Muna gifted it to you on level 1 of the Swamp)

   Spells                             Type                      Level
   a - Pain                           Necromancy                   1
   b - Throw Icicle                   Conjuration/Ice              4
   c - Animate Dead                   Necromancy                   4
   d - Freezing Cloud                 Conjuration/Ice/Air          6
 L - a book of Ice

   Spells                             Type                      Level
   a - Ice Form                       Ice/Transmutation            4
   b - Metabolic Englaciation         Hexes/Ice                    5
   c - Ozocubu's Refrigeration        Ice                          6
   d - Bolt of Cold                   Conjuration/Ice              6
   e - Freezing Cloud                 Conjuration/Ice/Air          6
   f - Simulacrum                     Ice/Necromancy               6


   Skills:
 - Level 4.4 Fighting
 - Level 10.0 Short Blades
 - Level 12.1 Dodging
 - Level 20.6 Stealth
 - Level 5.0 Shields
 - Level 13.2 Spellcasting
 + Level 6.9 Conjurations
 - Level 19.5 Hexes
 - Level 2.0 Translocations
 - Level 2.0 Ice Magic
 * Level 11.1 Earth Magic
 - Level 3.0 Invocations


You had 13 spell levels left.
You knew the following spells:

 Your Spells              Type           Power        Failure   Level  Hunger
a - Iron Shot             Conj/Erth      ######....   21%         6    #####..
b - Ensorcelled Hibernat  Hex/Ice        ######       1%          2    None
c - Confuse               Hex            #######.     0%          3    None
d - Apportation           Tloc           ###.......   1%          1    None
e - Summon Butterflies    Summ           ##......     6%          1    None
f - Invisibility          Hex            #######.     1%          6    #####..
g - Blink                 Tloc           N/A          3%          2    None
h - Discord               Hex            #######...   12%         8    #######


Dungeon Overview and Level Annotations

Branches:
Dungeon (15/15)            Temple (1/1) D:4            Lair (8/8) D:8
  Swamp (4/4) Lair:6       Spider (4/4) Lair:4        Slime (0/6) Lair:6
    Orc (2/2) D:9             Elf (1/3) Orc:2        Vaults (0/5) D:14
 Depths: D:15

Altars:
Ashenzari
Cheibriados
Dithmenos
Elyvilon
Fedhas
Gozag
Kikubaaqudgha
Makhleb
Nemelex Xobeh
Okawaru
Pakellas
Qazlal
Ru
Sif Muna
Trog
Vehumet
Xom
Yredelemnul
Zin
The Shining One
Beogh

Shops:
D:6 %   D:11 *   D:13 }   Orc:2 [:!?*

Annotations:
Spider:4 Mara


Innate Abilities, Weirdness & Mutations

You heal slowly.
You have razor-sharp teeth.
You have supernaturally acute eyesight.
((You can survive without breathing.))
(You are partially covered in rough black scales (AC +4, Dex -1).)
((Your flesh is cold resistant.))
You are weak. (Str -2)


Message History

The Executioner closely misses you. The Executioner barely misses you.
You block the Executioner's attack. The Executioner hits you!
The Executioner hits you!! The Executioner hits you.
The Executioner completely misses you. The Executioner barely misses you.
The Executioner hits you.
* * * LOW HITPOINT WARNING * * *
The Executioner hits you!
* * * LOW HITPOINT WARNING * * *
The Executioner hits you.
* * * LOW HITPOINT WARNING * * *
The Executioner hits you!
* * * LOW HITPOINT WARNING * * *
The Executioner hits you.
* * * LOW HITPOINT WARNING * * *
The Executioner gestures at you.
You easily resist.
The Executioner gestures at you. Pain shoots through your body!
You die...

#≈≈≈##.§##≈≈≈≈≈.≈≈≈#
≈≈≈≈..≈.....≈≈.≈≈##
#.≈≈≈.≈≈#.≈≈≈...≈# ♣
#≈#≈≈.§.≈≈..≈≈.≈≈# ♣♣♣
###≈.#≈≈≈#≈≈≈≈...≈##♣≈♣
#≈≈≈÷÷≈#≈≈#≈##≈.≈#≈#♣≈.
###≈÷.≈.≈#≈≈≈≈≈#.≈≈##♣♣.
#.†.≈.#.≈.#.#≈≈#.≈≈# ♣.
##.≈≈.≈b##≈≈####..≈# ♣♣
#..÷≈§÷.........#≈#
##..§≈1÷≈≈≈≈≈.≈.≈≈##
#≈.#.≈#.#.≈.#≈#.≈≈#
#.#≈≈≈#§≈##≈≈≈##≈##
####..≈.≈####.≈≈≈#
#≈≈.≈≈§## ##≈≈###
##.#≈.≈≈########≈##
#..≈#≈.≈.##≈##≈#≈#


You could see an Executioner.

Vanquished Creatures
  the Lernaean hydra (Swamp:4)
  Rupert (Orc:2)
  Asterion (Spider:1)
  Frances (Swamp:2)
  A thorn hunter (Swamp:4)
  3 orc warlords
  2 ghost moths (Spider:3)
  Louise (Swamp:4)
  A frost giant (IceCv)
  Maud (D:13)
  A spark wasp (Spider:2)
  A dire elephant (Lair:8)
  2 ettins
  3 vault guards (D:14)
  The ghost of Arglure the Impaler, a journeyman MfGl of Makhleb (IceCv)
  Josephine (Orc:1)
  2 entropy weavers
  11 hydras
  A catoblepas (Lair:8)
  A centaur warrior (D:14)
  2 ogre magi (Orc:2)
  Erica (D:11)
  2 ghost crabs
  An anaconda (Swamp:1)
  2 tengu warriors
  A deep troll shaman (Lair:8)
  A dancing weapon (Elf:1)
  4 alligators
  6 death yaks
  Urug (Orc:1)
  Nergalle (Orc:1)
  13 spriggans
  Sonja (D:11)
  A fire crab (Lair:8)
  2 deep trolls (Orc:2)
  2 spriggan druids (Swamp:4)
  5 swamp dragons
  6 hill giants
  A shambling mangrove (Swamp:3)
  4 hornets
  2 wizards (D:14)
  A manticore (D:14)
  15 wolf spiders
  5 orc knights
  17 orb spiders
  An orc sorcerer (Orc:1)
  3 necromancers (D:14)
  2 deep elf magi
  4 griffons
  6 ugly things
  6 cyclopes
  10 elephants
  3 centaur zombies
  8 black mambas
  2 gargoyles
  3 torpor snails
  21 spiny frogs
  7 centaur skeletons
  8 demonic crawlers
  4 komodo dragons
  A freezing wraith (D:14)
  A rime drake (Lair:6)
  4 tengu conjurers
  18 jumping spiders
  18 polar bears
  Grinder (D:4)
  10 trolls
  7 two-headed ogres
  22 blink frogs
  2 boulder beetles
  8 bog bodies
  7 giant leeches
  16 slime creatures
  Sigmund (D:4)
  47 redbacks
  A vampire (D:14)
  6 wraiths
  A spriggan (shapeshifter) (D:14)
  5 shadows
  A water elemental (D:13)
  8 tarantellas
  4 wyverns
  15 humans (D:14)
  60 yaks
  Grum (D:8)
  9 hippogriffs
  A hungry ghost (D:8)
  7 basilisks
  22 vampire mosquitoes
  7 wargs
  A mottled dragon (D:13)
  A soldier ant (D:9)
  Menkaure (D:4)
  12 insubstantial wisps
  15 swamp worms
  13 water moccasins
  7 porcupines
  16 swamp drakes
  42 orc warriors
  An ice beast (D:9)
  A black bear (D:11)
  15 wasps
  30 ogres
  An eye of draining (D:15)
  2 phantoms
  2 sky beasts
  25 wolves
  17 centaurs
  16 crocodiles
  2 big kobolds
  16 giant frogs
  A gnoll sergeant (D:10)
  A wyvern skeleton (D:11)
  A scorpion (D:8)
  12 killer bees
  7 wights
  9 howler monkeys
  5 electric eels
  6 crimson imps
  A giant frog zombie (D:6)
  5 hounds
  21 orc priests
  8 jellies
  33 orc wizards
  Ijyb (D:3)
  A giant frog skeleton (D:11)
  10 iguanas
  9 worker ants
  23 sheep
  A hound skeleton (D:10)
  Robin (D:4)
  16 gnolls
  10 adders
  42 river rats
  2 shadow imps
  11 white imps (D:15)
  3 oozes
  3 adder zombies (Ossuary)
  5 worms
  3 dart slugs
  4 giant geckos
  135 orcs
  A ball python (D:4)
  4 giant cockroaches
  15 goblins
  13 hobgoblins
  7 jackals
  5 quokkas
  8 bats
  2 giant gecko skeletons
  11 giant newts
  A goblin zombie (D:5)
  A hobgoblin zombie (Ossuary)
  2 jackal skeletons
  30 kobolds
  2 kobold zombies (Ossuary)
  3 orc skeletons (Ossuary)
  An orc zombie (Ossuary)
  7 rats
  A rat zombie (D:5)
  A bush (Lair:6)
  A fungus (Lair:6)
1275 creatures vanquished.

Vanquished Creatures (collateral kills)
  4 hydras (Swamp:4)
  A ghost crab (Swamp:4)
  A swamp dragon (Swamp:4)
  An orb spider (Spider:3)
  A wolf spider (Spider:3)
  5 elephants (Lair:4)
  2 spiny frogs
  A rime drake (Lair:8)
  4 jumping spiders (Spider:3)
  3 polar bears (Lair:6)
  4 blink frogs (Lair:8)
  5 yaks
  2 water moccasins (Lair:4)
  2 swamp drakes (Swamp:4)
  2 wolves (Lair:6)
  3 crocodiles
  A giant frog (Lair:6)
  An iguana (Lair:6)
  6 sheep (Lair:6)
  8 river rats
  2 plants (Lair:8)
59 creatures vanquished.

Vanquished Creatures (others)
  3 hydras (Swamp:4)
  A spiny frog (Swamp:4)
  2 swamp dragons (Swamp:4)
  2 blink frogs (Lair:4)
  A wasp (Swamp:4)
  A wolf (Lair:6)
  An orc priest (Orc:1)
  A river rat (Lair:8)
  A plant (Lair:6)
13 creatures vanquished.

Grand Total: 1347 creatures vanquished

Notes
Turn   | Place    | Note
--------------------------------------------------------------
     0 | D:1      | Minkie the Vampire Enchanter began the quest for the Orb.
     0 | D:1      | Reached XP level 1. HP: 13/13 MP: 3/3
   138 | D:1      | Reached XP level 2. HP: 18/19 MP: 5/5
   142 | D:1      | Learned a level 2 spell: Ensorcelled Hibernation
   282 | D:1      | Reached skill level 5 in Stealth
   761 | D:2      | Reached XP level 3. HP: 24/24 MP: 6/6
   768 | D:2      | Learned a level 3 spell: Confuse
   906 | D:2      | Found an ancient bone altar of Kikubaaqudgha.
  1069 | D:2      | Found a white marble altar of Elyvilon.
  1228 | D:2      | Found an iron altar of Okawaru.
  1613 | D:3      | Reached skill level 5 in Hexes
  1794 | D:3      | Found a shattered altar of Ashenzari.
  1808 | D:3      | Reached XP level 4. HP: 30/30 MP: 7/7
  1880 | D:3      | Noticed Ijyb
  2415 | D:3      | Killed Ijyb
  2415 | D:3      | Reached skill level 1 in Ice Magic
  2415 | D:3      | Reached XP level 5. HP: 33/35 MP: 4/9
  2574 | D:3      | Found a faded altar to an unknown god.
  2624 | D:4      | Noticed Sigmund
  2626 | D:4      | Killed Sigmund
  2626 | D:4      | Reached skill level 6 in Stealth
  2626 | D:4      | Reached XP level 6. HP: 41/41 MP: 10/10
  2629 | D:4      | Noticed Menkaure
  2644 | D:4      | Killed Menkaure
  3126 | D:4      | Noticed Robin
  3209 | D:4      | Killed Robin
  3397 | D:4      | Reached XP level 7. HP: 46/46 MP: 7/12
  3507 | D:4      | Noticed Grinder
  3550 | D:4      | Found a staircase to the Ecumenical Temple.
  3559 | Temple   | Entered the Ecumenical Temple
  3579 | Temple   | Became a worshipper of Sif Muna the Loreminder
  3811 | D:4      | Killed Grinder
  3811 | D:4      | Reached skill level 5 in Short Blades
  3811 | D:4      | Reached skill level 7 in Stealth
  4203 | D:5      | Entered Level 5 of the Dungeon
  4232 | D:5      | Found a sand-covered staircase.
  4256 | Ossuary  | Entered an ossuary
  4347 | Ossuary  | Noticed a wraith
  4347 | Ossuary  | Noticed a flying skull
  4358 | Ossuary  | Noticed a wraith
  4359 | Ossuary  | Killed a wraith
  4359 | Ossuary  | Reached skill level 8 in Stealth
  4359 | Ossuary  | Reached XP level 8. HP: 47/52 MP: 14/14
  4366 | Ossuary  | Noticed a flying skull
  4379 | Ossuary  | Noticed a flying skull
  4396 | Ossuary  | Noticed a flying skull
  4706 | D:5      | Found a snail-covered altar of Cheibriados.
  4709 | D:5      | Found a glowing golden altar of the Shining One.
  4712 | D:5      | Found a radiant altar of Vehumet.
  4715 | D:5      | Found a sacrificial altar of Ru.
  5130 | D:6      | Found a burning altar of Makhleb.
  5134 | D:6      | Found a glowing silver altar of Zin.
  5134 | D:6      | Noticed an angel
  5135 | D:6      | Noticed a blizzard demon
  5246 | D:6      | Found Wapnuut's Food Emporium.
  5372 | D:6      | Reached skill level 9 in Stealth
  5379 | D:6      | Found a shadowy altar of Dithmenos.
  5481 | D:6      | Reached * piety under Sif Muna
  5835 | D:7      | Learned a level 1 spell: Apportation
  5837 | D:7      | Learned a level 1 spell: Summon Butterflies
  5846 | D:7      | Learned a level 6 spell: Invisibility
  5928 | D:7      | Found a flagged portal.
  5944 | Bailey   | Entered a bailey
  5957 | Bailey   | Noticed an orc warlord
  6167 | Bailey   | Reached skill level 5 in Spellcasting
  6214 | Bailey   | Reached XP level 9. HP: 57/57 MP: 11/16
  6282 | Bailey   | Found a runed gate.
  6284 | Bailey   | Found a runed gate.
  6285 | Bailey   | Found a runed gate.
  6722 | Bailey   | Killed an orc warlord
  6722 | Bailey   | Reached skill level 10 in Stealth
  7148 | D:7      | Found an oddly glowing altar of Pakellas.
  7393 | D:7      | Reached ** piety under Sif Muna
  7705 | D:7      | Reached skill level 11 in Stealth
  7705 | D:7      | Reached skill level 10 in Hexes
  7842 | D:8      | Reached XP level 10. HP: 63/63 MP: 19/19
  8333 | D:8      | Gained mutation: Your flesh is cold resistant. [potion of beneficial mutation]
  8334 | D:8      | Gained mutation: You are partially covered in rough black scales (AC +4, Dex -1). [potion of beneficial mutation]
  8350 | D:8      | Reached skill level 10 in Short Blades
  8438 | D:8      | Found a staircase to the Lair.
  8450 | D:8      | Reached skill level 1 in Translocations
  8563 | Lair:1   | Entered Level 1 of the Lair of Beasts
  8605 | D:8      | Noticed Grum
  8624 | D:8      | Killed Grum
  9188 | D:9      | Found a staircase to the Orcish Mines.
  9199 | D:9      | Reached *** piety under Sif Muna
  9224 | D:9      | Found a roughly hewn altar of Beogh.
  9231 | D:9      | Reached skill level 12 in Stealth
 10071 | D:10     | Entered Level 10 of the Dungeon
 10075 | D:10     | Reached skill level 1 in Invocations
 10082 | D:10     | Noticed a tengu warrior
 10093 | D:10     | Killed a tengu warrior
 10093 | D:10     | Reached skill level 13 in Stealth
 10093 | D:10     | Reached XP level 11. HP: 65/68 MP: 14/22
 10775 | D:10     | Reached **** piety under Sif Muna
 11096 | D:11     | Noticed Erica
 11096 | D:11     | Noticed a hill giant
 11102 | D:11     | Killed a hill giant
 11104 | D:11     | Killed Erica
 11207 | D:11     | Noticed a purple ugly thing
 11223 | D:11     | Killed a purple ugly thing
 11223 | D:11     | Reached skill level 14 in Stealth
 11223 | D:11     | Reached skill level 1 in Shields
 11726 | D:11     | Reached ***** piety under Sif Muna
 11904 | D:11     | Found an opulent altar of Gozag.
 11909 | D:11     | Found Gozag's Platinum Reserve.
 11913 | D:11     | Noticed Sonja
 11920 | D:11     | Killed Sonja
 12146 | D:12     | Noticed a hill giant
 12163 | D:12     | Reached XP level 12. HP: 68/74 MP: 21/24
 12315 | D:12     | Reached skill level 15 in Stealth
 12703 | D:13     | Noticed Maud
 12791 | D:13     | Killed Maud
 13145 | D:13     | Found Voloibb's Gadget Shop.
 14124 | D:14     | Reached skill level 5 in Shields
 14196 | D:14     | Upgraded the game from 0.18-b1-1-gfba2bb3 to 0.19-a0-2-g57af7d0
 14222 | D:14     | Reached skill level 16 in Stealth
 14310 | D:14     | Noticed a centaur warrior
 14311 | D:14     | Found a roughly hewn altar of Beogh.
 14344 | D:14     | Found a roughly hewn altar of Beogh.
 14474 | D:14     | Reached ****** piety under Sif Muna
 14580 | D:14     | Received a gift from Sif Muna
 14585 | D:14     | Learned a level 2 spell: Blink
 14626 | D:14     | Reached skill level 5 in Dodging
 14892 | D:13     | Reached skill level 15 in Hexes
 14892 | D:13     | Reached XP level 13. HP: 79/79 MP: 16/26
 15093 | D:14     | Reached skill level 10 in Spellcasting
 15600 | D:14     | Noticed a vault guard
 15808 | D:14     | Killed a vault guard
 15888 | D:14     | Noticed a vault guard
 15917 | D:14     | Killed a vault guard
 15996 | D:14     | Noticed a vault guard
 16017 | D:14     | Killed a vault guard
 16062 | D:14     | Reached skill level 17 in Stealth
 16375 | D:14     | Found a gate to the Vaults.
 16439 | D:15     | Entered Level 15 of the Dungeon
 16674 | D:15     | Found a frozen archway.
 16750 | IceCv    | Entered an ice cave
 17164 | IceCv    | Got a spiked chain mail
 17182 | IceCv    | Reached XP level 14. HP: 85/85 MP: 28/28
 17481 | IceCv    | Noticed a frost giant
 17481 | IceCv    | Noticed Arglure's ghost (journeyman MfGl)
 17527 | IceCv    | Killed Arglure's ghost
 18046 | IceCv    | Killed a frost giant
 18046 | IceCv    | Received a gift from Sif Muna
 18046 | IceCv    | Reached skill level 18 in Stealth
 18047 | IceCv    | Identified Sif Muna's Catalogue of Helpful Enchantment (Sif Muna gifted it to you in an ice cave)
 18557 | D:15     | Identified the +1 chain mail "Guhys" {MR- Str+4 Int+9} (You found it in an ice cave)
 19058 | Lair:1   | Got a pair of pitted boots
 19069 | Lair:1   | Identified the +4 pair of boots of the Moneychanger {Str+4 Int+4} (You found it on level 1 of the Lair of Beasts)
 19760 | Orc:1    | Entered Level 1 of the Orcish Mines
 19763 | Orc:1    | Noticed an orc warlord
 19796 | D:9      | Killed an orc warlord
 20165 | Orc:1    | Noticed Urug
 20199 | Orc:1    | Killed Urug
 20334 | Orc:1    | Noticed Nergalle
 20387 | Orc:1    | Killed Nergalle
 20532 | Orc:1    | Noticed Josephine
 20556 | Orc:1    | Killed Josephine
 21006 | Orc:2    | Entered Level 2 of the Orcish Mines
 21032 | Orc:2    | Noticed an orc warlord
 21076 | Orc:2    | Killed an orc warlord
 21161 | Orc:2    | Noticed Rupert
 21183 | Orc:2    | Killed Rupert
 21842 | Orc:2    | Reached skill level 10 in Dodging
 21984 | Orc:2    | Reached skill level 19 in Stealth
 22049 | Orc:2    | Found Jote's Distillery.
 22064 | Orc:2    | Found Koqogruh's Book Shoppe.
 22065 | Orc:2    | Found Fabbotse's Magic Scroll Shop.
 22113 | Orc:2    | Reached XP level 15. HP: 90/90 MP: 15/31
 22229 | Orc:2    | Found a staircase to the Elven Halls.
 22231 | Orc:2    | Found Ykokh's Assorted Antiques.
 22256 | Orc:2    | Bought a metal-bound book for 495 gold pieces
 22267 | Orc:2    | Bought Zeajo's Volume of Bewitching Envenoming for 550 gold pieces
 22279 | Orc:2    | Learned a level 6 spell: Iron Shot
 22288 | Orc:2    | Learned a level 8 spell: Discord
 22388 | Orc:2    | Found Jala's Armour Shop.
 22395 | Orc:2    | Bought a +0 buckler of protection for 161 gold pieces
 22555 | Orc:2    | Found a roughly hewn altar of Beogh.
 22646 | Elf:1    | Entered Level 1 of the Elven Halls
 23721 | Lair:3   | Reached skill level 1 in Conjurations
 23731 | Lair:3   | Reached skill level 1 in Earth Magic
 24764 | Lair:4   | Found a hole to the Spider Nest.
 25459 | Lair:5   | Received a gift from Sif Muna
 26002 | Lair:6   | Found a staircase to the Swamp.
 26048 | Lair:6   | Found a staircase to the Slime Pits.
 27987 | Lair:8   | Entered Level 8 of the Lair of Beasts
 27987 | Lair:8   | Upgraded the game from 0.19-a0-2-g57af7d0 to 0.19-a0-3-g95c6029
 28235 | Lair:8   | Reached skill level 1 in Fighting
 28557 | Lair:8   | Got a scorched ivory ring
 28559 | Lair:8   | Identified the ring "Uruhi" {+Blink rPois rN+++ EV+3 Slay-5} (You found it on level 8 of the Lair of Beasts)
 29119 | Spider:1 | Entered Level 1 of the Spider Nest
 29406 | Spider:1 | Noticed Asterion
 29413 | Spider:1 | Killed Asterion
 29413 | Spider:1 | Reached skill level 20 in Stealth
 29492 | Spider:1 | Reached XP level 16. HP: 101/101 MP: 32/32
 29750 | Spider:1 | Received a gift from Sif Muna
 29751 | Spider:1 | Identified Sif Muna's Collected Works on Ghastly Air (Sif Muna gifted it to you on level 1 of the Spider Nest)
 31568 | Spider:2 | Reached skill level 5 in Earth Magic
 33396 | Swamp:1  | Entered Level 1 of the Swamp
 34396 | Spider:4 | Entered Level 4 of the Spider Nest
 34856 | Spider:4 | Noticed Mara
 34865 | Spider:4 | Noticed Minkie's illusion
 34958 | Spider:4 | Gained mutation: You are weak. (Str -2) [mutagenic glow]
 36292 | Lair:5   | Reached skill level 5 in Conjurations
 36378 | Swamp:1  | Received a gift from Sif Muna
 36394 | Swamp:1  | Identified Sif Muna's Tome of Cold and Darkness (Sif Muna gifted it to you on level 1 of the Swamp)
 36718 | Swamp:1  | Reached XP level 17. HP: 113/113 MP: 14/34
 37645 | Swamp:2  | Noticed Frances
 37928 | Swamp:2  | Killed Frances
 38728 | Swamp:3  | Noticed a tentacled monstrosity
 39202 | Swamp:3  | Identified a scroll of acquirement
 39335 | Swamp:4  | Entered Level 4 of the Swamp
 40407 | Swamp:4  | Received a gift from Sif Muna
 40473 | Swamp:4  | Noticed Louise
 40477 | Swamp:4  | Reached skill level 10 in Earth Magic
 40481 | Swamp:4  | Killed Louise
 40836 | Swamp:4  | Noticed the 27-headed Lernaean hydra
 40877 | Swamp:4  | Killed the 27-headed Lernaean hydra
 41127 | Swamp:4  | Got a decaying rune of Zot
 41155 | Swamp:4  | HP: 5/113 [Executioner[a Zot trap] (5)]
 41157 | Swamp:4  | Killed from afar by an Executioner

Vault maps used:
D:1:      dpeg_arrival_pits, feat_on_display
D:2:      old_standard_altar, old_standard_altar, lemuel_round_altar
D:3:      ashenzari_altar_1, ecumenical_altar_1, uniq_iyjb
D:4:      minmay_temple_entry_trees, uniq_sigmund, uniq_robin, uniq_menkaure,
          uniq_grinder
D:5:      grunt_temple_overflow_cloverleaf, enter_ossuary_4, first_bread
D:6:      grunt_temple_overflow_order_and_chaos_2, grunt_dithmenos_smoke,
          serial_shops, nicolae_shop_competitors_out_of_business
D:7:      grunt_pakellas_mercury, enter_bailey_2
D:8:      erik_lair_orcish_takeover, uniq_grum
D:9:      minmay_orc_entry_temple_small, hangedman_pestilent_swarm
D:11:     small_chamber_with_monster, nicolae_gozag_zags_fifth_avenue,
          uniq_erica, uniq_sonja
D:12:     serial_bayou_pond_d
D:13:     serial_shops, nicolae_shop_temple_entry_statues_fountains,
          serial_bayou_pond_c, nrook_pool_corridor, uniq_maud
D:14:     grunt_vaults_entry_tiered, nicolae_wwwww, special_room
D:15:     grunt_enter_depths_hoard, portal_ice_cave_entry_imps,
          corexii_hall_statues_deadend, minmay_gold_behind_fungi, uniq_kirke
Temple:   minmay_temple_bridge_a_8
Lair:3:   nicolae_quartered_pool_little, lemuel_fruit_tree
Lair:4:   spider_nest_entry_web_field, beast_lair_carwin_8, grunt_megastairs_3
Lair:5:   serial_bayou_lagoon_a, dpeg_stationary_puzzle
Lair:6:   swamp_mist_pool, nicolae_slime_entry_slimehenge, beast_lair_carwin_10,
          infiniplex_staircase_pool
Lair:8:   grunt_lair_end_beastmaster, serial_bayou_pond_c,
          infiniplex_staircase_pool_2, serial_bayou_shore_a, grunt_megastairs_1
Swamp:1:  evilmike_swamp_ruin_rubble_1, swamp_pool3, nicolae_swamp_snake_nest
Swamp:2:  hangedman_swamp_ruin_wall, uniq_frances
Swamp:3:  evilmike_swamp_ruin_house_5
Swamp:4:  swamp_old_school, uniq_louise
Spider:1: spider_trap, uniq_asterion
Spider:3: spider_trap
Spider:4: guppyfry_spider_rune, uniq_mara
Orc:1:    uniq_urug, uniq_nergalle, uniq_josephine
Orc:2:    st_orc_open, serial_shops, shop, nicolae_orc_lost_temple, uniq_rupert
Elf:1:    serial_shops, nicolae_shop_waterfront, minivault_28
Ossuary:  ossuary_due_cavern
Bailey:   bailey_axe_bossmonster_kennysheep, bailey
IceCv:    ice_cave_caverns_01

Skill      XL: |  1  2  3  4  5  6  7  8  9 10 11 12 13 14 15 16 17 |
---------------+----------------------------------------------------+-----
Stealth        | 5 6 8 9 11 13 14 16 17 19 20 | 20.6
Short Blades   | 2 3 4 6 7 9 10 | 10.0
Hexes          | 5 6 7 8 10 11 13 15 16 18 19 | 19.5
Ice Magic      | 1 2 |  2.0
Spellcasting   | 3 4 5 6 7 8 9 10 12 13 | 13.2
Translocations | 2 |  2.0
Invocations    | 1 3 |  3.0
Shields        | 3 5 |  5.0
Dodging        | 5 8 10 11 12 | 12.1
Conjurations   | 3 5 6 |  6.9
Earth Magic    | 4 6 11 | 11.1
Fighting       | 2 4 |  4.4

Action                   |  1- 3 |  4- 6 |  7- 9 | 10-12 | 13-15 | 16-18 || total
-------------------------+-------+-------+-------+-------+-------+-------++-------
Melee: Dagger            |    85 |   136 |   161 |   567 |  1176 |   609 ||  2734
       Bite              |     2 |    10 |     5 |    32 |    93 |    49 ||   191
Throw: Tomahawk          |       |     5 |     4 |     2 |     6 |     8 ||    25
 Cast: Ensorcelled Hiber |    12 |    34 |    82 |   192 |   381 |   249 ||   950
       Confuse           |       |     2 |    18 |    54 |   140 |   114 ||   328
       Invisibility      |       |       |       |     1 |     2 |     6 ||     9
       Discord           |       |       |       |       |     4 |     3 ||     7
       Blink             |       |       |       |       |       |     3 ||     3
Invok: Channel Energy    |       |       |       |       |   104 |   102 ||   206
 Abil: Bat Form          |       |       |     1 |     1 |     2 |     4 ||     8
       End Transformatio |       |       |     1 |     1 |     2 |     3 ||     7
Evoke: Wand              |       |       |       |       |     2 |     1 ||     3
  Use: Scroll            |     1 |       |    13 |     9 |    14 |    11 ||    48
       Potion            |       |       |     2 |     2 |     2 |    15 ||    21
 Stab: Sleeping          |    23 |    28 |    80 |   164 |   323 |   224 ||   842
       Confused          |       |     2 |     6 |    33 |    77 |    40 ||   158
       Invisible         |       |       |       |     4 |     7 |    17 ||    28
       Distracted        |       |       |       |     1 |     4 |       ||     5
Armor: Robe              |    20 |    21 |    32 |    88 |   146 |    79 ||   386
Dodge: Dodged            |    46 |    67 |    80 |   205 |   594 |   369 ||  1361
Block: Buckler           |       |       |       |    10 |   218 |   199 ||   427
       Reflection        |       |       |       |       |       |     3 ||     3
       Other             |       |       |       |       |       |     3 ||     3
